Map: Rorschach LE

Players

Kan - Winner!

  • Race: Zerg Zerg
  • League: Diamond

A.I. 1 (Medium)

  • Race: Terran Terran

VOD

Have the link to the VOD?

Description

Time

  • Played on: Sept. 13, 2026, 10:20 a.m.
  • Length: 11:39
Show
View Real Time Build Order
Export as new Build Order

Kan Zerg - Winner!

Build Orders: Hatch First 

Get SALT Encoding   

  8  0:00  Drone  
  9  0:10  Drone  
  10  0:19  Drone  
  11  0:29  Overlord  
  11  0:33  Drone  
  12  0:48  Drone x2  
  14  0:56  Drone  
  15  1:12  Hatchery  
  15  1:18  Drone  
  15  1:22  Drone x2  
  17  1:37  Spawning Pool  
  16  1:42  Drone  
  16  1:46  Extractor  
  16  1:59  Drone  
  16  2:00  Drone  
  18  2:09  Drone  
  19  2:16  Overlord  
  19  2:22  Drone  
  20  2:28  Queen x2  
  24  2:36  Zergling x6  
  27  2:45  Drone  
  28  2:59  Metabolic Boost  
  28  3:01  Overlord  
  28  3:10  Drone x4  
  32  3:20  Drone  
  32  3:21  Drone  
  34  3:27  Overlord, Hatchery  
  34  3:30  Drone  
  34  3:31  Drone  
  35  3:39  Drone x3  
  35  3:40  Drone  
  39  3:47  Queen  
  41  3:52  Drone  
  41  3:54  Overlord  
  42  4:07  Drone x2  
  42  4:08  Drone  
  42  4:09  Queen  
  47  4:22  Zergling x18  
  56  4:32  Overlord x2  
  56  4:39  Queen  
  56  4:44  Queen  
  60  4:49  Lair  
  60  4:52  Drone x3  
  63  4:53  Drone x2  
  63  4:55  Spore Crawler  
  63  4:59  Spore Crawler, Drone  
  64  5:01  Drone  
  64  5:05  Overlord  
  65  5:07  Overlord  
  65  5:23  Drone x10  
  75  5:28  Queen  
  75  5:32  Queen  
  79  5:45  Extractor  
  79  5:46  Extractor  
  77  5:51  Extractor  
  77  5:54  Baneling Nest, Drone  
  77  5:55  Drone x8, Evolution Chamber  
  77  5:56  Evolution Chamber  
  82  6:02  Drone x3  
  85  6:05  Extractor  
  84  6:16  Hatchery  
  83  6:26  Drone x2  
  83  6:29  Spore Crawler  
  84  6:34  Zerg Ground Armor Level 1  
  84  6:35  Zerg Melee Weapons Level 1, Zergling x16  
  84  6:39  Overlord x4  
  92  6:41  Centrifugal Hooks, Overlord  
  92  6:49  Overlord x5  
  92  7:05  Hydralisk Den  
  92  7:08  Drone x2, Infestation Pit  
  92  7:11  Drone x6  
  98  7:19  Hatchery  
  97  7:23  Drone x8  
  105  7:35  Drone x4  
  109  7:38  Drone x5  
  109  7:43  Extractor  
  113  7:48  Drone x3  
  113  7:49  Drone x2  
  118  7:52  Grooved Spines  
  118  7:54  Hive  
  118  7:57  Extractor, Spore Crawler  
  116  8:09  Zergling x14  
  116  8:10  Zergling x6  
  127  8:20  Zergling x12  
  127  8:25  Hatchery  
  131  8:29  Zerg Missile Weapons Level 1  
  131  8:33  Hydralisk x8  
  147  8:40  Overlord x2  
  147  8:41  Overlord x3  
  147  8:42  Muscular Augments  
  147  8:46  Hydralisk x6  
  159  8:52  Hydralisk x3  
  159  8:55  Zergling x4  
  167  9:04  Zergling x8  
  167  9:05  Zergling x16  
  179  9:14  Zergling x6  
  179  9:15  Zerg Ground Armor Level 2  
  182  9:17  Adrenal Glands  
  182  9:19  Zergling x8  
  182  9:20  Zergling x2  
  182  9:21  Zergling x2  
  182  9:22  Zergling x2  
  189  9:27  Zergling x12  
  189  9:28  Zergling x2  
  196  9:31  Overlord, Zergling x4  
  196  9:32  Zergling x2  
  196  9:33  Zergling x2  
  200  10:10  Baneling x10  
  200  10:13  Baneling x2  
  200  10:14  Baneling x11  
  200  10:21  Ultralisk Cavern  
  191  10:58  Hydralisk x5  
  191  11:00  Zergling x4  
  191  11:02  Zergling x2  
  191  11:03  Zergling x2  
  180  11:13  Zergling x20  
  180  11:14  Zergling x24  
Show
View Real Time Build Order
Export as new Build Order

A.I. 1 (Medium) Terran 

Build Orders:  

Get SALT Encoding   

  8  0:00  SCV  
  9  0:13  SCV  
  10  0:25  SCV  
  11  0:37  SCV  
  12  0:45  Supply Depot  
  12  0:49  SCV  
  13  1:07  SCV  
  13  1:10  Barracks  
  14  1:19  SCV  
  15  1:31  SCV  
  16  1:43  SCV, Command Center  
  17  1:55  SCV  
  17  1:57  Marine  
  19  2:06  Supply Depot  
  19  2:07  Orbital Command  
  19  2:15  Marine, Refinery  
  20  2:29  Barracks  
  20  2:33  SCV  
  21  2:39  Refinery  
  21  2:58  SCV  
  22  3:03  Refinery, SCV  
  23  3:12  SCV  
  24  3:14  Factory  
  24  3:15  Refinery  
  24  3:16  SCV  
  25  3:23  Barracks Tech Lab  
  25  3:24  SCV  
  26  3:28  SCV  
  27  3:38  SCV  
  28  3:41  SCV  
  28  3:43  Factory  
  28  3:47  Barracks Tech Lab  
  29  3:50  SCV  
  29  3:55  Marine  
  31  4:00  Factory Tech Lab  
  31  4:11  Supply Depot  
  31  4:13  Marine  
  32  4:18  SCV  
  32  4:20  SCV  
  34  4:27  Factory Tech Lab  
  34  4:30  SCV  
  35  4:32  Marauder  
  35  4:33  SCV  
  38  4:39  Supply Depot  
  38  4:42  SCV  
  38  4:45  SCV  
  40  4:50  Reaper  
  41  4:54  SCV  
  41  4:57  SCV  
  43  5:05  Supply Depot  
  43  5:06  SCV  
  44  5:09  SCV, Siege Tank  
  48  5:18  SCV  
  49  5:27  SCV, Marine  
  51  5:29  Supply Depot  
  51  5:30  SCV  
  52  5:39  SCV  
  53  5:46  Marine  
  54  5:50  SCV  
  54  5:53  Starport  
  55  5:58  Supply Depot  
  55  5:59  SCV  
  55  6:03  SCV  
  57  6:05  Marine  
  58  6:13  Engineering Bay  
  58  6:16  SCV  
  59  6:20  SCV  
  59  6:23  Supply Depot  
  59  6:24  Marauder  
  62  6:28  SCV  
  62  6:31  Starport Tech Lab  
  62  6:32  SCV  
  64  6:40  SCV  
  64  6:41  Missile Turret  
  64  6:42  Siege Tank  
  64  6:43  Armory  
  64  6:44  SCV  
  69  6:47  Sensor Tower  
  69  6:49  Raven  
  69  6:50  Supply Depot  
  69  6:51  Missile Turret  
  69  6:52  Missile Turret, SCV  
  72  6:56  SCV  
  72  6:57  Barracks  
  72  6:58  Missile Turret  
  72  7:01  Cyclone  
  76  7:04  SCV  
  77  7:15  Bunker  
  77  7:18  Bunker  
  77  7:19  Marine  
  78  7:23  Raven  
  80  7:38  Marauder  
  80  7:43  Barracks Reactor  
  82  7:56  Reaper  
  83  8:15  Viking  
  84  10:14  Siege Tank, Medivac  
  84  10:19  Starport  
  84  10:21  Supply Depot, Command Center, Marine  
  89  10:25  Ghost Academy  
  90  10:28  Marine  
  90  10:31  Fusion Core  
  90  10:34  Engineering Bay  
  91  10:36  Siege Tank  
  91  10:37  Armory  
  94  10:44  Medivac  
  94  10:45  Supply Depot  
  94  10:46  Siege Tank  
  96  10:51  Marauder  
  72  10:58  SCV  
  57  11:10  SCV, Supply Depot  
Tags
 
Add a new tag
Caveats
  • Supply blocks, unpowered buildings, or Contaminate may cause inaccurate times.
  • Supply counts are checked every 10 seconds.